 Dungeon Crawl Stone Soup version 0.28.0-53-g5a82cb258f (webtiles) character file.

Game seed: 17477089002999114871

23 Zeld the Ruffian (level 2, 0/23 HPs)
             Began as a Draconian Transmuter on June 3, 2022.
             Slain by an adder (3 damage)
             ... on level 1 of the Dungeon.
             The game lasted 00:01:18 (598 turns).

Zeld the Ruffian (Draconian Transmuter)              Turns: 598, Time: 00:01:19

Health: 0/23       AC:  4    Str: 12    XL:     2   Next: 72%
Magic:  4/5        EV: 12    Int: 13    God:
Gold:   0          SH:  0    Dex: 11    Spells: 2/5 levels left

rFire   . . .      SeeInvis .     - Unarmed
rCold   . . .      Faith    .   (no shield)
rNeg    . . .      Spirit   .   (armour unavailable)
rPois   .          Reflect  .   (helmet currently unavailable)
rElec   .          Harm     .   (no cloak)
rCorr   .          Rampage  .   (no gloves)
Will    .....                   (boots currently unavailable)
Stlth   +.........              (no amulet)
HPRegen 0.07/turn               (no ring)
MPRegen 0.09/turn               (no ring)

@: appendages
A: horns 2, talons 2, AC +4, unfitting armour, cold-blooded
a: End Transformation


You were on level 1 of the Dungeon.
You had temporarily grown beastly horns and talons.
You visited 1 branch of the dungeon, and saw 2 of its levels.

Inventory:

Scrolls
 a - a scroll of blinking {unknown}
 c - a scroll of identify {unknown}
 e - a scroll of teleportation {unknown}
Potions
 b - a potion of haste {unknown}
 d - a potion of berserk rage {unknown}


   Skills:
 + Level 1.5 Fighting
 - Level 1.7 Dodging
 - Level 3.0 Unarmed Combat
 + Level 2.1 Spellcasting
 + Level 2.1 Transmutations
 * Level 1.2 Ice Magic
 * Level 1.1 Poison Magic


You had 2 spell levels left.
You knew the following spells:

 Your Spells              Type           Power      Damage    Failure   Level
a - Beastly Appendage     Tmut           14%        N/A       11%         1
b - Wereblood             Tmut           7%         N/A       16%         2

Your spell library contained the following spells:

 Spells                   Type           Power      Damage    Failure   Level
 Spider Form              Tmut/Pois      5%         N/A       36%         3
 Ice Form                 Ice/Tmut       5%         N/A       77%         4


Dungeon Overview and Level Annotations

Branches:
Dungeon (2/15)

Altars:


Innate Abilities, Weirdness & Mutations

You have temporarily grown beastly horns and talons.
Your plain brown scales are hard. (AC +4)
You cannot fit into any form of body armour.
You are cold-blooded and may be slowed by cold attacks.


Message History

Your headbutt misses the jackal. The jackal closely misses you.
The jackal barely misses you.
You completely miss the jackal. Your punch misses the jackal.
The jackal closely misses you.
You closely miss the jackal.
The jackal bites you but does no damage.
The hobgoblin closely misses you. The jackal bites you. The adder bites you.
You are poisoned.
The adder poisons you!
You see here a ball python corpse.
Your horns disappear.
Your talons disappear.
You feel sick.
There is a stone staircase leading down here.
You feel sick.
You feel sick. The jackal closely misses you.
You feel sick.
You feel sick.
You are no longer poisoned.
The jackal misses you. The jackal bites you.
* * * LOW HITPOINT WARNING * * *
The jackal bites you.
* * * LOW HITPOINT WARNING * * *
The jackal bites you.
* * * LOW HITPOINT WARNING * * *
The jackal bites you but does no damage.
There is a stone staircase leading up here.
The jackal misses you. The adder bites you but does no damage.
You climb upwards.
There is a stone staircase leading down here.
Casting: Beastly Appendage (safe; 11% risk of failure)
Confirm with . or Enter, or press ? or * to list all spells.
You grow a pair of large bovine horns.
Your feet morph into talons.
The jackal barely misses you. The adder barely misses you.
The jackal misses you. The adder bites you.
* * * LOW HITPOINT WARNING * * *
The adder bites you.
You die...

#....########### +#
#..............# .####
##.........)....#
.#.)##............^.....#
.#.#.###.#####..........#
..#..##. #..........#
...#### #..........#
<.....+ ######.........(#
...#### ...!...S@........
..#..# ...##..>h..#.###.#
.#.#.# . #......#.#
.#..## .........# . .####
..##.......# '###.##..
.........#
...........##......≈
........... #.......≈
###....##. .#####.♣..


You could see an adder and a jackal.

Vanquished Creatures
  2 dart slugs (D:1)
  A ball python (D:2)
  An endoplasm (D:1)
  2 giant cockroaches (D:1)
  A goblin (D:1)
  2 hobgoblins
  3 jackals (D:1)
  A quokka (D:1)
  A bat (D:1)
  A kobold (D:2)
  A rat (D:1)
16 creatures vanquished.

Notes
Turn   | Place    | Note
-------+----------+-------------------------------------------
     0 | D:1      | Zeld the Draconian Transmuter began the quest for the Orb.
     0 | D:1      | Reached XP level 1. HP: 16/16 MP: 3/3
    70 | D:1      | Found a faded altar of an unknown god.
    87 | D:1      | Reached XP level 2. HP: 9/23 MP: 3/5
    92 | D:1      | Learned a level 2 spell: Wereblood
   321 | D:1      | Reached skill level 1 in Ice Magic
   551 | D:1      | Reached skill level 1 in Poison Magic
   598 | D:1      | Slain by an adder

Illustrated notes

Levels and vault maps discovered:
D:1:      nzn_arrival_crosshair, layout_rooms, serial_rivers,
          chequers_serial_rivers_large_b, chequers_serial_rivers_marsh,
          chequers_serial_rivers_micro_e, chequers_serial_rivers_micro_c,
          hellmonk_ecumenical_altar_run_dry
D:2:      layout_rooms, minmay_misc_feat_cross, serial_park_tiny_pond,
          uniq_natasha

Skill      XL: |  1  2 |
---------------+-------+-----
Ice Magic      | 1 |  1.2
Poison Magic   | 1 |  1.1
Fighting       | |  1.5
Dodging        | |  1.7
Unarmed Combat | |  3.0
Spellcasting   | |  2.1
Transmutations | |  2.1

Action                   || total
-------------------------++-------
Melee: Unarmed           ||    59
       Kick              ||    13
       Headbutt          ||     2
       Punch             ||     3
       Tailslap          ||     2
 Cast: Beastly Appendage ||    13
Armor: Skin              ||    33
Dodge: Dodged            ||    69
